Map: Ulrena

Players

LilDicky - Winner!

  • Race: Terran Terran
  • League: Diamond

Zergling

  • Race: Zerg Zerg
  • League: Gold

VOD

http://www.twitch.tv/tumescentpie

Description

Time

  • Played on: Jan. 3, 2016, 5:51 a.m.
  • Length: 5:40
Show
View Real Time Build Order
Export as new Build Order

LilDicky Terran - Winner!

Build Orders: MMM Bio 

Get SALT Encoding   

  12  0:03  SCV  
  13  0:15  SCV  
  13  0:18  Supply Depot  
  14  0:27  SCV  
  15  0:40  SCV  
  15  0:41  Barracks  
  16  0:52  SCV  
  17  0:57  Refinery  
  17  1:04  SCV  
  18  1:16  SCV  
  19  1:29  Marine  
  19  1:30  Barracks  
  19  1:32  Barracks  
  21  1:34  Orbital Command  
  20  1:42  Supply Depot  
  20  1:58  Barracks Reactor  
  20  2:04  SCV  
  21  2:14  Supply Depot  
  21  2:19  Barracks Tech Lab  
  21  2:20  Barracks Tech Lab  
  21  2:21  SCV  
  21  2:22  Refinery  
  22  2:33  SCV  
  22  2:36  Marine x2  
  25  2:40  Supply Depot  
  25  2:41  Stimpack, Marine  
  25  2:42  Marine  
  27  2:51  SCV  
  28  2:53  Marine  
  29  2:58  Marine  
  29  2:59  Marine  
  29  3:03  SCV  
  32  3:06  Combat Shields  
  32  3:08  Marine  
  32  3:11  Marine  
  34  3:15  SCV  
  34  3:16  Marine  
  34  3:18  Marine  
  37  3:26  Supply Depot  
  37  3:27  SCV  
  37  3:32  Marauder  
  37  3:33  Marine  
  41  3:39  SCV  
  41  3:40  Marauder, Marine  
  45  3:51  SCV  
  46  4:01  Marauder, Marine x2  
  46  4:02  Marauder  
  52  4:22  Marauder  
  48  4:25  Concussive Shells  
  35  4:34  Marine  
  35  4:35  SCV, Marauder  
  35  4:37  Marine  
  40  4:41  Supply Depot  
  40  4:44  Marauder  
  42  4:47  SCV  
  42  4:52  Marine  
  44  4:55  Marine  
  44  4:56  Marauder  
  45  5:05  Marine  
  45  5:09  Marine  
  45  5:13  Marine  
  47  5:17  Marine  
  50  5:39  Supply Depot  
Show
View Real Time Build Order
Export as new Build Order

Zergling Zerg 

Build Orders: Pool First, Zergling Baneling 

Get SALT Encoding   

  12  0:01  Drone  
  13  0:09  Drone  
  14  0:15  Extractor  
  14  0:16  Drone  
  15  0:22  Overlord  
  15  0:41  Drone  
  16  0:43  Spawning Pool  
  16  0:45  Drone  
  16  0:50  Extractor  
  16  0:56  Drone  
  16  0:57  Drone  
  17  1:06  Drone  
  18  1:23  Hatchery  
  17  1:29  Drone  
  17  1:31  Drone  
  19  1:40  Drone  
  19  1:44  Queen  
  22  1:52  Overlord  
  22  2:10  Overlord  
  22  2:12  Drone  
  22  2:14  Metabolic Boost  
  23  2:19  Baneling Nest  
  23  2:20  Drone  
  23  2:33  Drone  
  24  2:38  Zergling x2  
  25  2:46  Zergling x2  
  25  2:49  Zergling x2  
  27  2:55  Zergling x2  
  27  2:57  Queen  
  30  2:59  Overlord  
  30  3:02  Zergling x2  
  30  3:03  Zergling x4  
  33  3:08  Zergling x2  
  34  3:14  Zergling x2  
  34  3:19  Zergling x2  
  36  3:25  Zergling x2  
  37  3:29  Baneling x2  
  37  3:30  Zergling x2  
  38  3:38  Zergling x8  
  42  3:44  Zergling x2  
  43  3:53  Zergling x4  
  45  4:03  Baneling  
  45  4:09  Baneling x8  
  44  4:10  Baneling  
  44  4:11  Zergling x14  
  48  4:19  Zergling x6  
  36  4:32  Zergling x4  
  38  4:42  Zergling x4  
  39  4:51  Zergling x2  
  39  4:52  Zergling x2  
  35  5:06  Zergling x4  
  33  5:08  Baneling x3  
  33  5:09  Baneling x2  
  30  5:20  Zergling x8  
  29  5:22  Zergling x6  
  29  5:23  Zergling x2  
Tags
 
Add a new tag
Caveats
  • Supply blocks, unpowered buildings, or Contaminate may cause inaccurate times.
  • Supply counts are checked every 10 seconds.